 Dungeon Crawl Stone Soup version 0.27-a0-385-g3208abaabc (webtiles) character file.

Game seed: 4968673291780240474

30098 ReteAZ the Spry (level 13, -6/65 HPs)
             Began as a Felid Berserker on Feb 19, 2021.
             Was the Champion of Trog.
             Mangled by an orc
             ... wielding a +0 trident
             ... led by Saint Roka
              (12 damage)
             ... on level 2 of the Orcish Mines.
             The game lasted 00:54:06 (23580 turns).

ReteAZ the Spry (Felid Berserker)                  Turns: 23580, Time: 00:54:07

Health: -6/65      AC:  3    Str: 13    XL:     13   Next: 18%
Magic:  14/14      EV: 37    Int:  7    God:    Trog [******]
Gold:   2473       SH:  0    Dex: 22    Spells: 12/12 levels left
                                        Lives:  0   Deaths: 4

rFire    . . .     SeeInvis +     - Unarmed
rCold    + . .     Faith    .   (shield unavailable)
rNeg     . . .     Spirit   .   (armour unavailable)
rPois    +         Reflect  .   (helmet unavailable)
rElec    +         Harm     .   (cloak unavailable)
rCorr    .         Rampage  .   (gloves unavailable)
Will     ++...                  (boots unavailable)
Stlth    +++++++...             l - amulet of regeneration
HPRegen  1.20/turn              f - ring of willpower
MPRegen  0.14/turn              K - ring of Modesty {rElec rPois Int-2 Dex+2}

@: quick
A: very small, no armour, no weapons or thrown items, stealth, claws 1, fangs 3,
see invisible, speed 1, shaggy fur 3, sharp paws
a: Renounce Religion, Berserk, Trog's Hand, Brothers in Arms


You were on level 2 of the Orcish Mines.
You worshipped Trog.
Trog was exalted by your worship.
You visited 3 branches of the dungeon, and saw 20 of its levels.
You also visited: Gauntlet and Ice Cave.

You collected 2629 gold pieces.
You spent 156 gold pieces at shops.

Inventory:

Jewellery
 f - a ring of willpower (left paw)
 l - an amulet of regeneration (around neck)
 n - a +4 ring of slaying
 r - a ring of ice
 t - a ring of resist corrosion
 C - an amulet of reflection
 E - a ring of positive energy
 K - the ring of Modesty (right paw) {rElec rPois Int-2 Dex+2}
   (You acquired it on level 4 of the Lair of Beasts)

   [ring of poison resistance]

   It affects your intelligence (-2).
   It affects your dexterity (+2).
   It insulates you from electricity.
   It protects you from poison.
Wands
 m - a wand of acid (6)
 q - a wand of digging (10)
 v - a wand of iceblast (52)
 x - a wand of mindburst (48)
 A - a wand of flame (53)
 B - a wand of charming (11)
 F - a wand of paralysis (17)
 M - a wand of polymorph (11)
 N - a wand of random effects (27)
Scrolls
 b - 3 scrolls of fog
 d - 3 scrolls of identify
 g - 16 scrolls of teleportation
 i - 6 scrolls of magic mapping
 j - 4 scrolls of amnesia
 o - a scroll of blinking
 p - 2 scrolls of noise
 y - 2 scrolls of fear
 D - a scroll of summoning
Potions
 a - 3 potions of lignification
 c - a potion of degeneration
 e - 12 potions of heal wounds
 h - 12 potions of curing
 k - 2 potions of invisibility
 s - 2 potions of haste
 w - 6 potions of might
 z - 6 potions of mutation
 G - a potion of attraction
 O - a potion of flight
 P - a potion of resistance
 Q - a potion of berserk rage
 S - a potion of brilliance
 T - a potion of ambrosia
Miscellaneous
 H - a condenser vane
 I - a lightning rod (3/4)
 J - a tin of tremorstones (1/2)


   Skills:
 + Level 12.6 Fighting
 + Level 15.9 Dodging
 + Level 15.8 Stealth
 + Level 12.7 Unarmed Combat
 + Level 9.0 Evocations


You had 12 spell levels left.
You didn't know any spells.
Your spell library was empty.

Dungeon Overview and Level Annotations

Branches:
Dungeon (12/15)            Temple (0/1) D:5            Lair (6/6) D:11
 Shoals (0/4) Lair:4        Snake (0/4) Lair:3        Slime (0/5) Lair:5
    Orc (2/2) D:10            Elf (0/3) Orc:2         IceCv (visited)
Gauntlet (visited)

Altars:
Ashenzari
Fedhas
Kikubaaqudgha
Makhleb
Okawaru
Sif Muna
Uskayaw
Vehumet
Wu Jian
Yredelemnul
Zin
The Shining One
Beogh
Jiyva

Shops:
D:5 :   Orc:2 (!*

Annotations:
D:2 exclusion: oklob plant
D:4 1 runed translucent door, Crazy Yiuf, Duvessa
D:5 Sigmund
D:7 1 exclusion
D:10 1 runed translucent door, Armakuni's ghost, novice DgIE
Lair:6 exclusion: 2 doors
Orc:2 Saint Roka


Innate Abilities, Weirdness & Mutations

You cannot wear armour.
You are incapable of wielding weapons or throwing items.
Your paws allow you to move quietly. (Stealth)
You have sharp claws.
You have razor-sharp teeth.
You have supernaturally acute eyesight. (SInv)
You cover ground quickly.
Your thick and shaggy fur keeps you warm. (AC +3, rC+)
Your sharp claws are effective at attacking unaware monsters.


Message History

The warg closely misses you. The orc wizard completely misses you.
You scratch the warg. You claw the warg!
The warg is moderately wounded.
The orc barely misses you. The orc priest completely misses you.
The warg closely misses you. The orc completely misses you.
The orc warrior completely misses you. The orc warrior misses you.
You claw the warg! Your bite misses the warg.
The warg is severely wounded.
The warg bites you. The orc priest completely misses you.
The orc barely misses you.
The orc high priest mumbles some strange prayers to Beogh.
The orc completely misses you.
Saint Roka mumbles some strange prayers to Beogh against you.
Beogh smites you!
* * * LOW HITPOINT WARNING * * *
The orc wizard misses you.
The orc knight shouts!
You claw the warg!
The warg is almost dead.
The orc warrior completely misses you. The warg completely misses you.
The orc warrior barely misses you. The orc priest completely misses you.
The orc hits you but does no damage.
Saint Roka calls down the wrath of Beogh upon you.
Beogh smites you!
* * * LOW HITPOINT WARNING * * *
The orc completely misses you.
You scratch the warg but do no damage. You claw the warg.
You kill the warg!
Trog accepts your kill. The orc warrior closely misses you.
The orc wizard completely misses you.
The orc priest begins to cast a cantrip, but forgets the words!
The orc warrior misses you.
The orc knight roars a battlecry!
Saint Roka goes into a battle-frenzy!
The orc warrior completely misses you. The orc completely misses you.
You mangle the hellwing!!
You bite the hellwing, but do no damage.
The hellwing is moderately wounded.
The orc hits you from afar with a +0 trident!
You die...

#................................
#................................
##..............................#
#................................
#.....####..#.....#..####.......#
##.#..# ##.#.....#.## #...#...#
.##...# ###8...8### #...).)..
).....## #..oo.# ##........
.......# #4oo@o# #.........
....#.## #.....4oo)..# ##....#...
...†.o#####...oooo..######...##..
.......o8...o..........8..#...###
......oo.....................###
.......o......._.............#.##
..##...o).o.....................#
........8..............8.........
......#####..... ######..#...


You could see Saint Roka (strong), an orc knight (strong), an orc high priest
(strong), a hellwing (summoned), a red devil (summoned), 3 orc warriors, 2 orc
priests, an orc wizard (strong) and 4 orcs.

Vanquished Creatures
  A dire elephant (Lair:6)
  Snorg (Orc:1)
  Erolcha (Orc:2)
  2 two-headed ogres
  A catoblepas (Lair:6)
  6 hydras
  Urug (D:10)
  Sonja (D:10)
  Nergalle (Orc:2)
  A wizard (Lair:6)
  Pikel (D:8)
  2 orc knights (Orc:2)
  An orc sorcerer (Orc:2)
  A cyclops (D:11)
  Maurice (Orc:2)
  6 elephants (Lair:5)
  An ice statue (IceCv)
  9 black mambas
  10 cane toads
  6 rime drakes
  10 komodo dragons
  18 polar bears
  2 hornets
  5 trolls
  30 blink frogs
  7 dream sheep (Lair:6)
  2 wyverns
  3 wraiths
  41 yaks
  2 basilisks
  2 humans (D:9)
  3 steam dragons (D:8)
  A warg (Orc:2)
  2 nagas (Lair:3)
  An acid dragon (D:7)
  13 water moccasins
  2 ice beasts
  25 orc warriors
  8 ogres
  3 sky beasts
  2 black bears (D:11)
  3 necrophages
  An eye of draining (D:10)
  5 centaurs
  19 wolves
  2 phantoms
  3 lemures (D:8)
  5 kobold brigands
  15 bullfrogs
  A wyvern skeleton (D:10)
  3 scorpions
  23 killer bees
  5 wights (D:7)
  A vampire bat (D:5)
  A bullfrog zombie (D:9)
  2 electric eels
  A howler monkey (D:8)
  A quasit (D:7)
  2 jellies
  2 centaur zombies (D:9)
  5 hounds
  3 bullfrog skeletons
  16 orc priests
  A gnoll shaman (Orc:2)
  2 centaur skeletons
  Natasha (thrice) (D:2)
  4 iguanas
  5 worker ants
  23 orc wizards
  3 hound zombies
  2 hound skeletons
  A howler monkey zombie (D:9)
  A worker ant zombie (D:6)
  A howler monkey skeleton (D:4)
  31 gnolls
  9 adders
  A shadow imp (D:5)
  4 white imps
  4 ufetubi
  An ooze (D:1)
  2 adder skeletons
  2 worms
  A dart slug (D:3)
  6 leopard geckos
  69 orcs
  2 bat skeletons (D:5)
  4 bat zombies (D:5)
  6 giant cockroaches
  9 goblins
  12 hobgoblins
  5 jackals
  8 quokkas
  2 ball pythons
  8 bats
  3 frilled lizards
  58 kobolds
  A leopard gecko skeleton (D:5)
  A quokka skeleton (D:4)
  5 rats
  A spectral orc (D:9)
656 creatures vanquished.

Vanquished Creatures (collateral kills)
  An orc warrior (Orc:1)
1 creature vanquished.

Vanquished Creatures (others)
  A sky beast (D:8)
  110 fungi
  143 plants
254 creatures vanquished.

Grand Total: 911 creatures vanquished

Notes
Turn   | Place    | Note
-------+----------+-------------------------------------------
     0 | D:1      | ReteAZ the Felid Berserker began the quest for the Orb.
     0 | D:1      | Reached XP level 1. HP: 10/10 MP: 2/2
    29 | D:1      | Reached XP level 2. HP: 14/14 MP: 3/3
   823 | D:1      | Reached XP level 3. HP: 12/17 MP: 4/4
  1333 | D:2      | Reached ** piety under Trog
  1622 | D:2      | Noticed Natasha
  1670 | D:2      | Reached skill level 5 in Dodging
  1670 | D:2      | Reached XP level 4. HP: 22/22 MP: 5/5
  1678 | D:2      | Killed Natasha
  1901 | D:2      | Found a radiant altar of Vehumet.
  2114 | D:2      | Found a blossoming altar of Fedhas.
  2114 | D:2      | Noticed Natasha
  2130 | D:2      | Killed Natasha
  2404 | D:2      | Noticed an oklob plant
  2404 | D:2      | Splashed by an oklob plant's acid
  2405 | D:2      | Reached XP level 3. HP: -5/18 MP: 4/4
  2414 | D:2      | Noticed Natasha
  2424 | D:2      | Killed Natasha
  2425 | D:2      | Reached XP level 4. HP: 18/22 MP: 5/5
  3287 | D:3      | Found an ornate altar of the Wu Jian Council.
  3291 | D:3      | Found a burning altar of Makhleb.
  3295 | D:3      | Found a broken altar of Ashenzari.
  3487 | D:3      | You fall into a shaft and drop 2 floors!
  3487 | D:5      | Entered Level 5 of the Dungeon
  3493 | D:5      | Noticed Sigmund
  3583 | D:5      | Found Ezou's Book Boutique.
  3648 | D:5      | Reached XP level 5. HP: 25/25 MP: 6/6
  3768 | D:4      | Reached *** piety under Trog
  3877 | D:4      | Noticed an ogre
  4140 | D:4      | Noticed a centaur
  4147 | D:4      | Killed a centaur
  4148 | D:4      | Gained mutation: You are covered in thick fur. (AC +2)
                  | [Felid growth]
  4148 | D:4      | Reached XP level 6. HP: 29/30 MP: 7/7
  4205 | D:4      | Reached skill level 5 in Unarmed Combat
  4467 | D:4      | Noticed Duvessa
  4538 | D:4      | Found a glowing silver altar of Zin.
  4875 | D:4      | Found a runed translucent door.
  4876 | D:4      | Noticed Crazy Yiuf
  4967 | D:5      | Reached skill level 5 in Fighting
  5117 | D:5      | Reached skill level 1 in Stealth
  5145 | D:5      | Found a staircase to the Ecumenical Temple.
  5272 | D:5      | Reached XP level 7. HP: 33/33 MP: 8/8
  5755 | D:5      | Found an ancient bone altar of Kikubaaqudgha.
  6415 | D:6      | Reached XP level 8. HP: 38/38 MP: 9/9
  6895 | D:6      | Reached **** piety under Trog
  7018 | D:6      | Reached skill level 5 in Stealth
  7904 | D:6      | Reached ***** piety under Trog
  8136 | D:7      | Reached XP level 9. HP: 42/42 MP: 10/10
  8933 | D:7      | Reached skill level 10 in Dodging
  9032 | D:7      | Found a shimmering blue altar of Sif Muna.
  9406 | D:8      | Noticed a +0 dagger
  9406 | D:8      | Noticed a +0 dagger
  9407 | D:8      | Found a hide-covered altar of Uskayaw.
  9663 | D:8      | Noticed Pikel
  9985 | D:8      | Reached XP level 10. HP: 48/48 MP: 11/11
 10120 | D:8      | Killed from afar by a steam dragon
 10121 | D:8      | Reached XP level 9. HP: -4/44 MP: 10/10
 10180 | D:8      | Killed Pikel
 10675 | D:9      | Found an iron altar of Okawaru.
 10685 | D:9      | Reached skill level 10 in Stealth
 10799 | D:9      | Reached XP level 10. HP: 46/49 MP: 11/11
 10924 | D:9      | Found a roughly hewn altar of Beogh.
 11145 | D:9      | Found a glowing golden altar of the Shining One.
 11448 | D:9      | Found a basalt altar of Yredelemnul.
 11552 | D:10     | Entered Level 10 of the Dungeon
 11579 | D:10     | Noticed Sonja
 11718 | D:10     | Found a staircase to the Orcish Mines.
 11800 | D:10     | Noticed a two-headed ogre
 11841 | D:10     | Found an ancient bone altar of Kikubaaqudgha.
 11988 | D:10     | Reached ****** piety under Trog
 12059 | D:10     | Killed a two-headed ogre
 12173 | D:10     | Noticed Urug
 12244 | D:10     | Killed Sonja
 12406 | D:11     | Noticed a cyclops
 12438 | D:11     | Killed a cyclops
 12439 | D:11     | Reached XP level 11. HP: 44/54 MP: 12/12
 12624 | D:11     | Found a staircase to the Lair.
 12752 | D:11     | Reached skill level 10 in Unarmed Combat
 12757 | D:11     | Reached skill level 10 in Fighting
 13533 | D:12     | Reached skill level 1 in Evocations
 13867 | D:12     | Noticed a white ugly thing
 13890 | Lair:1   | Entered Level 1 of the Lair of Beasts
 14045 | Lair:1   | Noticed a four-headed hydra
 14098 | Lair:1   | Slain by a black mamba
 14099 | Lair:1   | Reached XP level 10. HP: -4/51 MP: 11/11
 14103 | Lair:1   | Killed a black mamba
 14125 | Lair:1   | Noticed a cane toad
 14135 | Lair:1   | Killed a cane toad
 14387 | Lair:1   | Killed a four-headed hydra
 14860 | Lair:2   | Reached XP level 11. HP: 55/55 MP: 12/12
 15349 | Lair:3   | Found a frozen archway.
 15365 | IceCv    | Entered an ice cave
 15876 | IceCv    | Noticed a frost giant
 16173 | IceCv    | Found the +0 mask of the Dragon {Will+ Slay+3 SInv}
 16382 | Lair:3   | Found a staircase to the Snake Pit.
 16393 | Lair:3   | Reached skill level 5 in Evocations
 16394 | Lair:3   | Noticed a seven-headed hydra
 16430 | Lair:3   | Killed a seven-headed hydra
 16491 | Lair:3   | Gained mutation: Your thick and shaggy fur keeps you warm.
                  | (AC +3, rC+) [Felid growth]
 16491 | Lair:3   | Reached XP level 12. HP: 60/60 MP: 13/13
 17309 | Lair:4   | Noticed a five-headed hydra
 17317 | Lair:4   | Killed a five-headed hydra
 17342 | Lair:4   | Noticed a seven-headed hydra
 17385 | Lair:4   | Killed a seven-headed hydra
 17385 | Lair:4   | Noticed a catoblepas
 18513 | Lair:5   | Found a staircase to the Slime Pits.
 18513 | Lair:5   | Found a viscous altar of Jiyva.
 18699 | Lair:4   | Identified a scroll of acquirement
 18699 | Lair:4   | Acquired the ring of Modesty {rElec rPois Int-2 Dex+2}
 18746 | Lair:4   | Found a staircase to the Shoals.
 18881 | Lair:5   | Reached XP level 13. HP: 61/64 MP: 14/14
 19143 | Lair:5   | Reached skill level 15 in Dodging
 19681 | Lair:6   | Entered Level 6 of the Lair of Beasts
 19771 | Lair:6   | Found a broken altar of Ashenzari.
 19840 | Lair:6   | Reached skill level 15 in Stealth
 19938 | Lair:6   | Noticed a dire elephant
 19953 | Lair:6   | Killed a dire elephant
 20245 | Lair:6   | Found a burning altar of Makhleb.
 21215 | D:10     | Killed Urug
 21352 | D:10     | Found a runed translucent door.
 21360 | D:10     | Noticed Armakuni's ghost (novice DgIE)
 21364 | D:10     | Identified the +9 spear of Wonderful Defence {vorpal, +Fly
                  | rElec rN+ Stlth-}
 21432 | Orc:1    | Entered Level 1 of the Orcish Mines
 21936 | Orc:2    | Entered Level 2 of the Orcish Mines
 21936 | Orc:2    | Found a gate leading to a gauntlet.
 22040 | Gauntlet | Entered a Gauntlet
 22040 | Gauntlet | Found a large runed translucent door.
 22040 | Gauntlet | Found a large runed translucent door.
 22040 | Gauntlet | Found a large runed translucent door.
 22040 | Gauntlet | Found a large runed translucent door.
 22040 | Gauntlet | Found a large runed translucent door.
 22040 | Gauntlet | Found a large runed translucent door.
 22040 | Gauntlet | Found a large runed translucent door.
 22040 | Gauntlet | Found a large runed translucent door.
 22040 | Gauntlet | Found a runed translucent door.
 22040 | Gauntlet | Found a runed translucent gate.
 22040 | Gauntlet | Found a transporter.
 22040 | Gauntlet | Found a transporter.
 22040 | Gauntlet | Found a runed translucent gate.
 22040 | Gauntlet | Found a transporter.
 22049 | Gauntlet | Found a transporter.
 22061 | Gauntlet | Found a transporter.
 22075 | Gauntlet | Found a transporter.
 22091 | Gauntlet | Found a transporter.
 22100 | Gauntlet | Found a transporter.
 22106 | Gauntlet | Found a transporter.
 22120 | Gauntlet | Found a transporter.
 22137 | Gauntlet | Found a transporter.
 22143 | Gauntlet | Found a runed translucent gate.
 22144 | Gauntlet | Found a large runed translucent door.
 22144 | Gauntlet | Found a large runed translucent door.
 22145 | Gauntlet | Found a large runed translucent door.
 22146 | Gauntlet | Found a large runed translucent door.
 22147 | Gauntlet | Found a large runed translucent door.
 22147 | Gauntlet | Found a large runed translucent door.
 22147 | Gauntlet | Found a runed translucent door.
 22148 | Gauntlet | Found a large runed translucent door.
 22149 | Gauntlet | Found a large runed translucent door.
 22180 | Gauntlet | Found a transporter.
 22269 | Orc:2    | Found a staircase to the Elven Halls.
 22273 | Orc:2    | Found Okothoix's Weapon Shop.
 22388 | Orc:2    | Noticed Snorg
 22391 | Orc:2    | Found Nydu's Distillery.
 22394 | Orc:2    | Found Vucvum's Assorted Antiques.
 22434 | Orc:1    | Killed Snorg
 22435 | Orc:1    | Reached XP level 14. HP: 52/69 MP: 15/15
 22489 | Orc:2    | Bought a wooden wand for 156 gold pieces
 23037 | Orc:2    | Noticed Erolcha
 23045 | Orc:2    | Killed Erolcha
 23086 | Orc:2    | Noticed Maurice
 23098 | Orc:2    | Killed Maurice
 23375 | Orc:2    | Noticed Nergalle
 23494 | Orc:2    | Killed Nergalle
 23519 | Orc:2    | Found a roughly hewn altar of Beogh.
 23521 | Orc:2    | Noticed Saint Roka
 23529 | Orc:2    | Killed from afar by a soul eater
 23530 | Orc:2    | Reached XP level 13. HP: -9/65 MP: 14/14
 23580 | Orc:2    | Mangled by an orc

Illustrated notes

Levels and vault maps discovered:
D:1:      dpeg_arrival_refuge, layout_basic, item_on_display_a
D:2:      layout_rooms, vehumet_crystals, tgw_fedhas, uniq_natasha
D:3:      layout_loops_cross, grunt_temple_overflow_diamond,
          serial_bayou_lagoon_a
D:4:      layout_cave_pods, kennysheep_little_box, uniq_duvessa,
          uniq_crazy_yiuf_cottage
D:5:      layout_layer_cave, kennysheep_vampire_church, temple_fountains,
          serial_shops, shop, uniq_sigmund
D:6:      minmay_goblin_kobold_castle, layout_basic, minmay_misc_feat_roman,
          grunt_decor_arrowhead
D:7:      layout_basic, tgw_sif, wad_mini_maze
D:8:      layout_cave_pods, dancing_weapons_uskayaw, hangedman_misty_isle,
          uniq_pikel
D:9:      layout_roguey [special_room_orc], tso_oasis_becter,
          yredelemnul_forgotten_temple_becter, okawaru_humans, serial_glass,
          glass_columns_a, glass_columns_b, glass_columns_c, glass_columns_c
D:10:     layout_loops_cross, orc_0_dummy, ebering_ghost_funeral_grove,
          basic_altar, uniq_urug, uniq_sonja
D:11:     layout_basic, due_lair_maze_entry_diamond
D:12:     layout_long_grid, enter_trove_0
Lair:1:   layout_chaotic_city, serial_bayou_shore_b, grunt_megastairs_4
Lair:2:   layout_regular_city
Lair:3:   layout_regular_city, guppyfry_snake_entry_garden,
          portal_ice_cave_rime, lemuel_fruit_fields, lemuel_fruit_fields
Lair:4:   layout_gridlike, elwin_shoals_entry_rocks, infiniplex_staircase_pool
Lair:5:   layout_concentric_octagons, slime_altar_1, columned_hall_lemuel
Lair:6:   evil_forest, layout_cave_pods, basic_altar
Orc:1:    layout_caves
Orc:2:    grunt_orc_cross, layout_caves, gauntlet_entry_generic, serial_shops,
          shop, nicolae_shop_trees, shop_fountains, enter_volcano_2,
          uniq_maurice, uniq_erolcha, uniq_snorg

Skill      XL: |  1  2  3  4  5  6  7  8  9 10 11 12 13 |
---------------+----------------------------------------+-----
Dodging        | 5 6 7 9 11 12 14 15 | 15.9
Unarmed Combat | 4 5 6 8 9 11 12 | 12.7
Fighting       | 4 5 6 8 9 11 12 | 12.6
Stealth        | 2 4 6 10 11 13 14 15 | 15.8
Evocations     | 5 6 9 |  9.0

Action                   |  1- 3 |  4- 6 |  7- 9 | 10-12 | 13-15 || total
-------------------------+-------+-------+-------+-------+-------++-------
Melee: Unarmed           |   101 |   180 |   531 |   875 |   691 ||  2378
       Bite              |     6 |    24 |    40 |   122 |   116 ||   308
       Punch             |     2 |     4 |    25 |    48 |    56 ||   135
Invok: Berserk           |     3 |     5 |     6 |     5 |     4 ||    23
       Trog's Hand       |       |       |     5 |    23 |    14 ||    42
Evoke: Wand              |       |       |     6 |    25 |    16 ||    47
       Lightning rod     |       |       |       |     5 |     4 ||     9
       Condenser vane    |       |       |       |     1 |     1 ||     2
       Tin of tremorston |       |       |       |     2 |     1 ||     3
  Use: Potion            |       |       |     1 |       |       ||     1
       Scroll            |       |       |       |    19 |    11 ||    30
 Stab: Sleeping          |     5 |     8 |    22 |    32 |     7 ||    74
       Distracted        |       |       |     3 |     6 |     2 ||    11
       Paralysed         |       |       |       |       |     1 ||     1
Armor: Skin              |     5 |     7 |    23 |    23 |    18 ||    76
Dodge: Dodged            |    87 |   129 |   518 |  1035 |   826 ||  2595

Table legend: (Time is in decaauts)
 A = Elapsed time spent in this place.
 B = Non-inter-level travel time spent in this place.
 C = Inter-level travel time spent in this place.
 D = Time resting spent in this place.
 E = Time spent auto-exploring this place.
 F = Levels seen in this place.
 G = Mean time per level.
                   A        B        C        D        E       F      G
               +--------+--------+--------+--------+--------+-----+--------+
         Total |  19956 |  19166 |    790 |   2090 |  11072 |  22 |  907.1 |
       Dungeon |  12118 |  11681 |    437 |   1458 |   6759 |  12 | 1009.8 |
          Lair |   5146 |   4875 |    271 |    192 |   3236 |   6 |  857.7 |
  Orcish Mines |   1666 |   1585 |     81 |    224 |    654 |   2 |  833.0 |
      Ice Cave |    875 |    875 |      0 |    215 |    308 |   1 |  875.0 |
      Gauntlet |    149 |    149 |      0 |      0 |    113 |   1 |  149.0 |
               +--------+--------+--------+--------+--------+-----+--------+

Top non-repeatable levels by time:
     D:5: 1385 daAuts
     D:6: 1365 daAuts
     D:2: 1258 daAuts
     D:7: 1202 daAuts
     D:1: 1184 daAuts
  Lair:4: 1161 daAuts
  Lair:6: 1093 daAuts
   Orc:2: 1076 daAuts
     D:8: 996 daAuts
     D:3: 966 daAuts
    D:11: 903 daAuts
   IceCv: 875 daAuts
  Lair:5: 871 daAuts
    D:10: 854 daAuts
     D:9: 830 daAuts
